 Dungeon Crawl Stone Soup version 0.31-a0-986-g5e6e4ef867 (webtiles) character file.

Game seed: 16017184682791239058

1272 mattiecakes the Trooper (level 8, -2/51 HPs)
             Began as a Gargoyle Fighter on Nov 6, 2023.
             Was an Initiate of Okawaru.
             Splashed by a jelly's acid (4 damage)
             ... on level 6 of the Dungeon.
             The game lasted 00:14:02 (5610 turns).

mattiecakes the Trooper (Gargoyle Fighter)          Turns: 5610, Time: 00:14:02

Health: -2/51      AC: 20    Str: 22    XL:     8   Next: 53%
Magic:  9/9        EV:  8    Int:  9    God:    Okawaru [......]
Gold:   291        SH:  6    Dex: 15    Spells: 7/7 levels left

rFire   . . .        a - +1 war axe
rCold   . . .        c - +0 buckler
rNeg    + . .        o - +0 chain mail
rPois   ∞            n - +2 helmet
rElec   +            (no cloak)
rCorr   .            k - +0 pair of gloves
SInv    .            (no boots)
Will    .....        (no amulet) Stlth
                     r - +6 ring of dexterity
HPRegen 0.28/turn    (no ring)
MPRegen 0.11/turn

%: no passive effects
@: no status effects
A: sickness immunity, AC +5, negative energy resistance 1, electricity
resistance, torment resistance 1, petrification resistance
a: Renounce Religion


You were on level 6 of the Dungeon.
You worshipped Okawaru.
Okawaru was noncommittal.
You visited 2 branches of the dungeon, and saw 7 of its levels.

You collected 291 gold pieces.

Inventory:

Hand Weapons
 a - a +1 war axe (weapon)
 s - the +9 sling "Zeth" {flame, Dex+3}
   (You found it on level 4 of the Dungeon)

   Dex+3:     It affects your dexterity (+3).
Missiles
 t - 32 stones
Armour
 b - a +0 scale mail
 c - a +0 buckler (worn)
 k - a +0 pair of gloves (worn)
 n - a +2 helmet (worn)
 o - a +0 chain mail (worn)
Jewellery
 r - a +6 ring of dexterity (left hand)
Wands
 d - a wand of roots (4)
 q - a wand of polymorph (5)
Scrolls
 f - a scroll of vulnerability
 g - a scroll of noise
 j - 2 scrolls of identify
 u - 3 scrolls of amnesia
Potions
 e - 2 potions of attraction
 h - a potion of brilliance


   Skills:
 + Level 6.2 Fighting
 + Level 4.7 Axes
 + Level 6.2 Armour
 + Level 6.2 Shields
 + Level 2.2 Invocations


You had 7 spell levels left.
You didn't know any spells.
Your spell library contained the following spells:

 Spells                   Type           Power      Damage    Failure   Level
 Slow                     Hex            0%         N/A       95%         1
 Blink                    Tloc           0%         N/A       99%         2
 Lesser Beckoning         Tloc           0%         N/A       99%         2
 Momentum Strike          Conj/Tloc      0%         3d8       99%         2
 Confusing Touch          Hex            0%         N/A       100%        3
 Hailstorm                Conj/Ice       0%         3d3       100%        3
 Sigil of Binding         Hex            0%         N/A       100%        3
 Vampiric Draining        Necr           0%         2d6       100%        3
 Summon Ice Beast         Ice/Summ       Unusable   N/A       N/A         4
 Simulacrum               Ice/Necr       Unusable   N/A       N/A         6

Dungeon Overview and Level Annotations

Branches:
Dungeon (6/15)             Temple (1/1) D:5

Altars:
Ashenzari
Dithmenos
Elyvilon
Fedhas
Gozag
Hepliaklqana
Kikubaaqudgha
Makhleb
Nemelex Xobeh
Okawaru
Qazlal
Ru
Sif Muna
Trog
Uskayaw
Vehumet
Wu Jian
Xom
Yredelemnul
Zin
The Shining One

Shops:
D:4 (

Annotations:
D:6 Grinder


Innate Abilities, Weirdness & Mutations

You are immune to sickness and miasma.
Your stone body is resilient. (AC +5)
You are immune to poison.
You resist negative energy. (rN+)
You are resistant to electric shocks. (rElec)
You are resistant to unholy torment.
You are immune to petrification.


Message History

Okay, then.
Unknown command.
Okay, then.
Unknown command.
The gnoll hits you but does no damage.
You hit the gnoll.
The gnoll is moderately wounded.
The gnoll completely misses you.
You hit the gnoll.
The gnoll is severely wounded.
The gnoll hits you with a +0 spear.
* * * LOW HITPOINT WARNING * * *
The orc hits you but does no damage.
You slash the gnoll!
You kill the gnoll!
Okawaru accepts your kill.
You hit the gnoll but do no damage. You barely miss the orc.
The gnoll hits you but does no damage. x2
You barely miss the gnoll.
The gnoll is severely wounded.
You closely miss the phantom. The gnoll hits you with a +0 spear.
* * * LOW HITPOINT WARNING * * *
The gnoll hits you from afar with a +0 spear.
* * * LOW HITPOINT WARNING * * *
Okay, then.
Unknown command.
Unknown command.
You hit the gnoll.
The gnoll is almost dead.
You hit the phantom.
The phantom hits you but does no damage.
The gnoll hits you but does no damage. The gnoll closely misses you.
The phantom hits you but does no damage.
The jelly hits you but does no damage. The gnoll hits you but does no damage.
Unknown command.
You slash the gnoll!
You kill the gnoll!
Okawaru accepts your kill.
You slash the jelly!
Your hands burn!
You die...

.......g....... #
...g...........#
...............#
###.#.............
#...#......#...###
#.#.#....####...
#)gg# #(#J# #o)@#
#S#W# #.sF# ###.#
..# #.# ..# #.'
..#


You could see a phantom, a bullfrog, a scorpion, a jelly, 2 gnolls, an adder and
an orc.

Vanquished Creatures
  A wyvern (D:4)
  A water moccasin (D:6)
  Duvessa (D:5)
  A black bear (D:5)
  A phantom (D:4)
  Blork the orc (D:5)
  Dowan (D:5)
  A jelly (D:6)
  2 orc priests
  A sleepcap (D:5)
  4 iguanas
  5 hounds
  Ijyb (D:3)
  3 orc wizards
  2 gnolls (D:6)
  2 adders (D:5)
  2 white imps
  2 worms
  2 dart slugs
  6 orcs
  5 ball pythons
  9 bats
  8 endoplasms
  3 giant cockroaches
  6 goblins
  5 hobgoblins
  4 quokkas
  A frilled lizard (D:1)
  8 kobolds
  2 rats
91 creatures vanquished.

Vanquished Creatures (others)
  An ogre (D:6)
1 creature vanquished.

Grand Total: 92 creatures vanquished

Notes
Turn   | Place    | Note
-------+----------+-------------------------------------------
     0 | D:1      | mattiecakes the Gargoyle Fighter began the quest for the
                  | Orb.
     0 | D:1      | Reached XP level 1. HP: 14/14 MP: 1/1
   168 | D:1      | Reached XP level 2. HP: 19/19 MP: 2/2
   544 | D:1      | Reached XP level 3. HP: 17/23 MP: 3/3
  2223 | D:3      | Found an iron altar of Okawaru.
  2558 | D:3      | Reached XP level 4. HP: 29/29 MP: 4/4
  2752 | D:3      | Noticed Ijyb
  2781 | D:3      | Killed Ijyb
  3138 | D:4      | Reached XP level 5. HP: 33/33 MP: 5/5
  3158 | D:4      | Noticed an ice beast
  3161 | D:4      | an ice beast changed into a water moccasin
  3161 | D:4      | Noticed a water moccasin
  3162 | D:4      | a water moccasin changed into a wyvern
  3162 | D:4      | Noticed a wyvern
  3169 | D:4      | Killed a wyvern
  3170 | D:4      | Reached XP level 6. HP: 9/39 MP: 6/6
  3344 | D:4      | Identified the +9 sling "Zeth" {flame, Dex+3}
  3746 | D:5      | Entered Level 5 of the Dungeon
  3869 | D:4      | Found a shadowy altar of Dithmenos.
  4087 | D:4      | Found Oggiqyck's Weapon Emporium.
  4217 | D:5      | Reached skill level 5 in Fighting
  4217 | D:5      | Reached skill level 5 in Shields
  4221 | D:5      | Reached skill level 5 in Armour
  4221 | D:5      | Reached XP level 7. HP: 44/44 MP: 7/7
  4399 | D:5      | Noticed Duvessa
  4413 | D:5      | Noticed Dowan
  4428 | D:5      | Killed Dowan
  4434 | D:5      | HP: 1/44 [Duvessa/+0 short sword (11)]
  4437 | D:5      | Killed Duvessa
  4820 | D:5      | Found a staircase to the Ecumenical Temple.
  4845 | Temple   | Entered the Ecumenical Temple
  4984 | D:3      | Became a worshipper of Warmaster Okawaru
  5070 | D:6      | Reached XP level 8. HP: 47/51 MP: 8/8
  5074 | D:6      | Reached skill level 1 in Invocations
  5301 | D:5      | Noticed Blork the orc
  5309 | D:5      | Killed Blork the orc
  5573 | D:6      | Noticed Grinder
  5608 | D:6      | HP: 1/51 [gnoll/+0 spear (3)]
  5610 | D:6      | Splashed by a jelly's acid

Illustrated notes

Levels and vault maps discovered:
D:1:      doesnt_arrival_eight_statues, layout_loops_corners
D:2:      layout_loops_corners, serial_bayou_pond_a
D:3:      layout_loops_corners, okawaru_metal_pillars_1_2,
          kennysheep_nondescript, serial_bayou_pond_c, uniq_ijyb
D:4:      layout_rooms, mainiacjoe_overflow_tiny_flanked, serial_shops, shop,
          serial_bayou_pond_d
D:5:      layout_loops_ring, minmay_temple_entry_large_hall,
          columned_hall_lemuel, nicolae_eternal_life, uniq_blork_the_orc,
          uniq_duvessa
D:6:      layout_rooms, kennysheep_slug_shrine, hangedman_abyss_or_decor_slice,
          hangedman_minor_gate_pass, uniq_grinder
Temple:   nicolae_temple_bog_church

Skill      XL: |  1  2  3  4  5  6  7  8 |
---------------+-------------------------+-----
Axes           | 2 3 4 |  4.7
Fighting       | 4 5 6 |  6.2
Armour         | 4 5 6 |  6.2
Shields        | 4 5 6 |  6.2
Invocations    | 2 |  2.2

Action                     |  1- 3 |  4- 6 |  7- 9 || total
---------------------------+-------+-------+-------++-------
  Melee: War axe           |   128 |    97 |   137 ||   362
         Unarmed           |       |    23 |       ||    23
  Evoke: Wand              |       |     3 |     5 ||     8
    Use: Potion            |       |     1 |     3 ||     4
         Scroll            |       |       |    10 ||    10
 Armour: Scale mail        |    65 |       |       ||    65
         Chain mail        |    24 |    70 |   173 ||   267
         Skin              |       |     8 |       ||     8
  Dodge: Dodged            |    48 |    74 |    62 ||   184
  Block: Buckler           |    20 |    19 |    38 ||    77

Table legend: (Time is in decaauts)
 A = Elapsed time spent in this place.
 B = Non-inter-level travel time spent in this place.
 C = Inter-level travel time spent in this place.
 D = Time resting spent in this place.
 E = Time spent auto-exploring this place.
 F = Levels seen in this place.
 G = Mean time per level.
                   A        B        C        D        E       F      G
               +--------+--------+--------+--------+--------+-----+--------+
         Total |   5743 |   4909 |    834 |    582 |   3438 |   7 |  820.4 |
       Dungeon |   5729 |   4901 |    828 |    582 |   3437 |   6 |  954.8 |
        Temple |     13 |      7 |      6 |      0 |      1 |   1 |   13.0 |
               +--------+--------+--------+--------+--------+-----+--------+

Top non-repeatable levels by time:
     D:5: 1284 daAuts
     D:1: 1266 daAuts
     D:3: 1214 daAuts
     D:2: 1136 daAuts
     D:4: 739 daAuts
     D:6: 88 daAuts
  Temple: 13 daAuts
